 Dungeon Crawl Stone Soup version 0.14.0-24-gfb45beb (webtiles) character file.

474 HungrySpirit the Sneak (level 7, 0/40 HPs)
             Began as a Kobold Assassin on Apr 21, 2014.
             Slain by a big kobold zombie (5 damage)
             ... in an ossuary.
             The game lasted 00:08:10 (3395 turns).

HungrySpirit the Sneak (Kobold Assassin)            Turns: 3395, Time: 00:08:10

HP   0/40        AC  4     Str 10      XL: 7   Next:  1%
MP   7/7         EV 17     Int  9      God:
Gold 107         SH  0     Dex 17      Spells:  0 memorised,  6 levels left

rFire  . . .     SeeInvis .     a - +2 dagger
rCold  . . .     Clarity  .     c - +0 robe
rNeg   . . .     Conserve .     (no shield)
rPois  .         rCorr    .     (no helmet)
rElec  .         rRot     .     d - +1 cloak
SustAb . .       Spirit   .     (no gloves)
rMut   .         Warding  .     (no boots)
Saprov + + .     Stasis   .     (no amulet)
MR     .....                    (no ring)
                                r - -2 ring of dexterity

@: not resistant to hostile enchantments, very stealthy
A: disease resistance, carnivore 3, saprovore 2
a: no special abilities


You were in an ossuary.
You were not hungry.

You visited 1 branch of the dungeon, and saw 4 of its levels.
You also visited: Ossuary.

You collected 107 gold pieces.

Inventory:

Hand weapons
 a - a +2,+2 dagger (weapon)
 b - a +0 blowgun
Missiles
 e - 8 poisoned needles
 f - 2 curare-tipped needles
Armour
 c - a +0 robe (worn)
 d - a +1 cloak (worn)
Comestibles
 g - 4 meat rations
Scrolls
 k - a scroll of teleportation
 o - a scroll of enchant weapon I
Jewellery
 j - a cursed ring of fire
 r - a -2 ring of dexterity (left hand)
Potions
 n - a potion of heal wounds
 p - a potion of might
Books
 l - a book of Annihilations {highlevel, unknown}

   This book is beyond your current level of understanding.

   Spells                             Type                      Level
   Poison Arrow                       Conjuration/Poison           6
   Chain Lightning                    Conjuration/Air              8
   Lehudib's Crystal Spear            Conjuration/Earth            8
   Glaciate                           Conjuration/Ice              9
   Fire Storm                         Conjuration/Fire             9


   Skills:
 - Level 2.1 Fighting
 * Level 6.2 Short Blades
 - Level 2.6 Throwing
 + Level 4.1 Dodging
 + Level 7.5 Stealth


You had 6 spell levels left.
You didn't know any spells.

Dungeon Overview and Level Annotations

Branches:
Dungeon (4/15)
 Temple: D:4-7

Altars:
Makhleb
Zin

Annotations:
D:4 Natasha


Innate Abilities, Weirdness & Mutations

You recuperate from illness quickly.
You are small and have problems with some larger weapons.
You are carnivorous and can eat meat at any time.
You can eat rotten meat.


Message History

You hit the big kobold zombie. You barely miss the big kobold zombie.
The big kobold zombie barely misses you.
You hit the big kobold zombie.
The big kobold zombie hits you but does no damage.
You closely miss the big kobold zombie. You hit the big kobold zombie.
The big kobold zombie barely misses you.
You hit the big kobold zombie. You hit the big kobold zombie.
The big kobold zombie hits you.
* * * LOW HITPOINT WARNING * * *
You hit the big kobold zombie.
You completely miss the big kobold zombie.
The big kobold zombie closely misses you.
You closely miss the big kobold zombie. You barely miss the big kobold zombie.
The big kobold zombie barely misses you.
You hit the big kobold zombie. You closely miss the big kobold zombie.
The big kobold zombie hits you.
You die...

#....#'#......##
#.. ##.##....##
..# # #...#....#
...# #...#....#
...# ##...##..##
#..# #.....#..#
#..# #'#.#'#..#
#.∩# #.#.#.#..#
#..# #.#@#.#..#
#..# ###z###..#
#.∩# #.....#..#
#..# ###+###..##
##..# #....#
#...# #....#
#...# ##....##
##...#
##......#+#....#
................#


You could see a big kobold zombie.

Vanquished Creatures
  2 elf zombies (Ossuary)
  A human zombie (Ossuary)
  An iguana (D:4)
  A hound (D:3)
  Jessica (D:2)
  A mummy (Ossuary)
  3 adders (D:2)
  An adder zombie (Ossuary)
  2 giant geckos
  3 orcs (D:3)
  6 bats
  4 giant cockroaches
  9 goblins
  3 hobgoblins
  2 jackals (D:2)
  6 kobolds
  2 oozes (D:2)
  2 quokkas
  4 ball pythons
  2 giant newts
  6 goblin zombies (Ossuary)
  4 hobgoblin zombies
  2 jackal zombies (Ossuary)
  4 kobold zombies (Ossuary)
  An orc zombie (Ossuary)
  3 quokka zombies (Ossuary)
  5 rats
  3 rat zombies
84 creatures vanquished.

Notes
Turn   | Place    | Note
--------------------------------------------------------------
     0 | D:1      | HungrySpirit, the Kobold Assassin, began the quest for the Orb.
     0 | D:1      | Reached XP level 1. HP: 12/12 MP: 1/1
   146 | D:1      | Reached XP level 2. HP: 17/17 MP: 2/2
   924 | D:2      | Noticed Jessica
   936 | D:2      | Killed Jessica
   936 | D:2      | Reached skill level 6 in Stealth
   936 | D:2      | Reached XP level 3. HP: 19/21 MP: 3/3
  1028 | D:2      | Reached XP level 4. HP: 26/26 MP: 4/4
  1065 | D:2      | Found a burning altar of Makhleb.
  1069 | D:2      | Noticed a green death
  1070 | D:2      | Found a glowing silver altar of Zin.
  1071 | D:2      | Noticed an angel
  1647 | D:3      | Upgraded the game from 0.14.0-20-g75a2fc2 to 0.14.0-24-gfb45beb
  1743 | D:3      | Reached XP level 5. HP: 24/30 MP: 5/5
  2156 | D:4      | Found a sand-covered staircase.
  2226 | D:4      | Noticed Natasha
  2265 | Ossuary  | Entered an ossuary
  2846 | Ossuary  | Reached skill level 5 in Short Blades
  2941 | Ossuary  | Reached skill level 7 in Stealth
  2970 | Ossuary  | Reached XP level 6. HP: 17/35 MP: 6/6
  3369 | Ossuary  | Reached XP level 7. HP: 14/40 MP: 7/7
  3395 | Ossuary  | Slain by a big kobold zombie

Action                   |  1- 3 |  4- 6 |  7- 9 || total
-------------------------+-------+-------+-------++-------
Melee: Dagger            |    56 |   320 |    26 ||   402
  Use: Scroll            |       |    12 |       ||    12
       Potion            |       |     4 |       ||     4
 Stab: Sleeping          |     7 |    18 |       ||    25
       Distracted        |     1 |       |       ||     1
